Map: Costas tropicales

Players

MrFercho - Winner!

  • Race: Zerg Zerg
  • Spawn Location: 0:00

tigro

  • Race: Terran Terran
  • Spawn Location: 5:00

VOD

Have the link to the VOD?

Description

Time

  • Played on: April 11, 2020, 6:08 p.m.
  • Length: 20:19
Show
View Real Time Build Order
Export as new Build Order

MrFercho Zerg - Winner!

Build Orders: Hatch First 

Get SALT Encoding   

  12  0:03  Drone  
  13  0:13  Overlord  
  13  0:22  Drone  
  14  0:32  Drone  
  14  0:33  Drone  
  16  0:43  Drone  
  17  0:56  Drone  
  18  1:09  Drone  
  18  1:10  Hatchery  
  18  1:17  Extractor  
  17  1:23  Spawning Pool, Drone x2  
  18  1:41  Drone x2  
  20  1:50  Extractor  
  19  2:08  Drone x2  
  21  2:11  Hatchery  
  21  2:15  Overlord  
  20  2:31  Drone  
  20  2:32  Drone  
  22  2:49  Hatchery  
  21  2:55  Drone x5  
  26  3:11  Drone  
  26  3:12  Drone x2  
  29  3:30  Drone x5  
  34  3:38  Lair  
  34  3:48  Drone  
  34  3:49  Hatchery, Drone x2  
  36  4:12  Drone x5  
  36  4:13  Drone x3  
  44  4:18  Overlord  
  44  4:21  Extractor x2  
  42  4:27  Overlord x2  
  42  4:28  Overlord x2  
  42  4:43  Drone  
  42  4:44  Drone x5  
  48  5:02  Infestation Pit  
  47  5:08  Nydus Network  
  47  5:09  Spire x2  
  44  5:16  Evolution Chamber  
  44  5:18  Evolution Chamber  
  42  5:28  Baneling Nest  
  41  5:37  Hydralisk Den  
  41  5:42  Extractor  
  39  5:43  Hive  
  39  5:47  Extractor  
  39  5:49  Drone x10  
  51  5:50  Drone x5  
  53  6:14  Centrifical Hooks  
  53  6:24  Zerg Flyer Armor Level 1, Zerg Flyer Weapons Level 1  
  53  6:25  Roach Warren  
  52  6:41  Overseer  
  52  6:42  Hatchery  
  52  6:44  Hatchery  
  50  6:55  Overlord  
  50  6:56  Overlord x4  
  50  6:57  Drone x2  
  50  6:58  Drone x7  
  59  7:03  Metabolic Boost  
  59  7:37  Hatchery  
  59  7:41  Hatchery  
  57  7:50  Glial Reconstitution  
  57  8:00  Zerg Melee Weapons Level 1, Zerg Ground Armor Level 1  
  57  8:03  Grooved Spines  
  57  8:10  Drone x11  
  57  8:11  Drone x4  
  72  8:39  Extractor  
  71  8:46  Extractor  
  71  8:48  Extractor  
  69  9:01  Extractor  
  68  9:07  Lurker Den  
  68  9:08  Tunneling Claws  
  67  9:15  Muscular Augments  
  67  9:17  Ultralisk Cavern  
  67  9:20  Overseer  
  67  9:21  Hatchery  
  65  9:24  Hatchery, Overlord  
  65  9:25  Overlord x4  
  65  9:27  Overlord  
  65  9:28  Hatchery, Overlord  
  65  9:29  Overlord x2  
  63  9:31  Hatchery  
  63  9:35  Pathogen Glands  
  62  9:54  Zerg Missile Weapons Level 1  
  62  10:12  Drone  
  62  10:13  Drone x17  
  62  10:14  Drone x5  
  83  10:15  Drone x2  
  87  10:31  Neural Parasite  
  87  11:00  Zerg Flyer Weapons Level 2, Zerg Flyer Armor Level 2  
  87  11:04  Adaptive Talons  
  87  11:09  Zerg Melee Weapons Level 2  
  87  11:27  Hatchery  
  86  11:48  Zerg Ground Armor Level 2  
  86  11:50  Unknown  
  86  11:53  Pneumatized Carapace  
  86  11:55  Burrow  
  86  12:01  Seismic Spines  
  86  12:41  Drone x3  
  86  12:42  Drone x6  
  86  12:43  Drone x6  
  86  12:44  Drone x6  
  103  12:45  Drone x2  
  103  12:50  Hydralisk  
  103  12:51  Hydralisk x3  
  111  12:53  Ultralisk x6  
  111  12:56  Zergling x10  
  111  12:57  Zergling x2  
  159  13:32  Extractor  
  158  13:34  Extractor  
  158  13:41  Extractor, Hatchery x2  
  156  13:45  Hatchery  
  156  13:46  Extractor  
  152  13:48  Hatchery  
  152  13:50  Hatchery  
  152  13:52  Hatchery  
  152  13:55  Hatchery  
  148  13:56  Hatchery  
  148  14:00  Hatchery  
  146  14:06  Zerg Flyer Armor Level 3, Zerg Flyer Weapons Level 3  
  146  14:10  Zerg Missile Weapons Level 2, Zerg Melee Weapons Level 3  
  146  14:12  Adrenal Glands  
  146  14:24  Roach x4  
  150  14:25  Hydralisk x3  
  150  14:26  Hydralisk x6  
  150  14:27  Hydralisk x3  
  150  14:29  Roach x3  
  150  14:30  Roach x4  
  150  14:31  Zergling x16  
  200  15:23  Nydus Canal  
  165  16:26  Zerg Ground Armor Level 3  
  134  16:43  Hydralisk  
  134  16:44  Hydralisk x22  
  134  16:45  Hydralisk x13  
  134  16:46  Hydralisk  
  198  16:53  Zerg Missile Weapons Level 3  
  196  16:58  Greater Spire  
  196  16:59  Greater Spire  
  193  18:00  Hatchery  
  186  18:06  Hatchery  
  186  18:08  Hatchery  
  186  18:09  Hatchery x2  
  186  18:12  Hatchery  
Show
View Real Time Build Order
Export as new Build Order

tigro Terran 

Build Orders:  

Get SALT Encoding   

  12  0:03  SCV  
  13  0:16  Supply Depot  
  13  0:20  SCV  
  14  0:32  SCV  
  15  0:52  Barracks  
  15  0:54  Refinery  
  15  0:59  SCV, Refinery  
  16  1:11  SCV  
  17  1:24  SCV  
  18  1:36  SCV  
  19  1:48  SCV  
  19  1:52  Marine  
  21  2:00  Barracks, SCV  
  22  2:09  Marine  
  23  2:17  Supply Depot, Orbital Command  
  23  2:38  Marine  
  24  2:48  Barracks Tech Lab  
  24  2:56  Marine  
  25  3:02  Engineering Bay  
  25  3:14  Marine  
  26  3:28  Factory  
  26  3:29  Marauder  
  26  3:31  Combat Shield, Marine  
  29  3:49  Marine  
  29  3:50  Marauder  
  32  4:07  Marine  
  33  4:11  Supply Depot  
  33  4:12  Marauder  
  35  4:24  Factory Tech Lab  
  35  4:35  Missile Turret  
  35  4:37  Barracks Tech Lab  
  35  4:42  Marauder, Armory  
  37  4:50  Concussive Shells  
  37  5:02  Siege Tank  
  37  5:03  Marine  
  41  5:22  Marauder  
  43  5:37  Command Center  
  43  5:42  Marine  
  44  6:01  Marauder  
  46  6:24  Starport  
  46  6:36  Infernal Pre-Igniter  
  46  6:43  Terran Infantry Weapons Level 1  
  46  7:03  Planetary Fortress  
  46  7:11  Refinery x2  
  46  7:27  Medivac  
  48  7:49  SCV  
  49  7:55  Mag-Field Accelerator  
  49  8:02  SCV  
  50  8:06  Starport Tech Lab  
  50  8:14  SCV  
  51  8:26  SCV  
  52  8:34  SCV  
  52  8:37  Terran Infantry Armor Level 1  
  52  8:38  SCV  
  54  8:55  Siege Tank  
  57  9:04  Missile Turret  
  57  9:35  Drilling Claws  
  57  9:36  Factory  
  57  10:11  Terran Vehicle Weapons Level 1  
  57  10:16  Marine  
  57  10:21  Marauder  
  60  10:25  Factory Tech Lab  
  60  10:27  Fusion Core  
  60  10:31  Neosteel Armor  
  60  10:33  Marine  
  61  10:42  Marauder  
  63  10:51  Marine  
  63  10:53  Smart Servos  
  64  11:00  Siege Tank  
  64  11:02  Siege Tank  
  64  11:04  Marauder  
  72  11:09  Marine  
  73  11:13  Supply Depot  
  73  11:25  Marauder  
  75  11:27  Marine  
  75  11:31  Starport  
  76  11:46  Marauder  
  78  11:51  Missile Turret  
  78  12:06  Terran Vehicle And Ship Armor Level 1  
  78  12:11  Hi-Sec Auto Tracking  
  78  12:30  Missile Turret  
  78  12:37  Weapon Refit  
  78  12:42  Starport Tech Lab  
  78  12:53  Missile Turret  
  78  13:03  Battlecruiser  
  84  13:12  Missile Turret  
  84  13:14  Thor  
  90  13:37  Missile Turret  
  90  13:50  Siege Tank  
  93  14:00  Terran Ship Weapons Level 1  
  93  14:05  Missile Turret  
  93  14:17  Rapid Reignition System, Missile Turret  
  93  14:46  Command Center  
  93  15:13  Advanced Ballistics  
  93  15:34  SCV  
  94  15:54  SCV  
  92  16:03  Battlecruiser  
  94  16:04  Command Center  
  69  16:32  Marine  
  62  16:37  Marauder  
  56  16:41  Battlecruiser  
  57  16:50  Marine  
  53  16:58  Marauder  
  28  17:36  Siege Tank  
  19  18:45  Starport Tech Lab  
  13  18:54  Supply Depot  
  12  19:13  Supply Depot  
Tags
 
Add a new tag
Caveats
  • Supply blocks, unpowered buildings, or Contaminate may cause inaccurate times.
  • Supply counts are checked every 10 seconds.